 Dungeon Crawl Stone Soup version 0.31.0-11-ge490571c62 (webtiles) character file.

Game seed: 2128021026090180285

3212 Getoffmy the Skirmisher (level 9, -14/45 HPs)
             Began as a Spriggan Hunter on Jan 28, 2024.
             Was a Believer of Nemelex Xobeh.
             Killed from afar by a steam dragon (16 damage)
             ... with a ball of steam
             ... on level 6 of the Dungeon on Jan 29, 2024.
             The game lasted 00:13:59 (6856 turns).

Getoffmy the Skirmisher (Spriggan Hunter)           Turns: 6856, Time: 00:13:59

Health: -14/45     AC:  2    Str:  7      XL:     9   Next: 65%
Magic:  0/14       EV: 28    Int:  9 (10) God:    Nemelex Xobeh [**....]
Gold:   385        SH:  0    Dex: 29      Spells: 8/8 levels left

rFire   . . .        a - +0 shortbow
rCold   . . .        (shield currently unavailable)
rNeg    . . .        x - +0 robe
rPois   .            (helmet restricted)
rElec   .            (no cloak)
rCorr   .            (gloves unavailable)
SInv    +            (boots unavailable)
Will    +....        C - amulet of guardian spirit
Stlth   +++          m - +6 ring of dexterity
HPRegen 0.27/turn    (no ring)
MPRegen 0.14/turn

%: guardian spirit
@: very quick
A: very small, no large weapons, unfitting armour, see invisible, speed 3
a: Renounce Religion, Draw Escape, Draw Destruction, Draw Summoning


You were on level 6 of the Dungeon.
You worshipped Nemelex Xobeh.
Nemelex Xobeh was pleased with you.
You visited 1 branch of the dungeon, and saw 7 of its levels.

You collected 385 gold pieces.

Inventory:

Hand Weapons
 a - a +0 shortbow (weapon)
 q - a +4 short sword
 s - a +1 short sword of venom
Missiles
 c - 9 boomerangs
 r - 64 stones
 v - 6 atropa-tipped darts
 F - 12 poisoned darts
Armour
 x - a +0 robe (worn)
Jewellery
 m - a +6 ring of dexterity (left hand)
 C - an amulet of guardian spirit (around neck)
 H - a ring of ice
Talismans
 f - a granite talisman
 g - a flux talisman
Wands
 z - a wand of polymorph (15)
 J - a wand of charming (10)
 K - a wand of flame (8)
Scrolls
 b - 2 scrolls of butterflies
 e - a scroll of poison
 h - 2 scrolls of teleportation
 i - a scroll of enchant weapon {unknown}
 j - a scroll of enchant armour {unknown}
 p - 2 scrolls of vulnerability {unknown}
 y - 2 scrolls of revelation {unknown}
 D - a scroll of fog {unknown}
 L - a scroll of blinking {unknown}
Potions
 d - 3 potions of heal wounds
 k - 4 potions of mutation
 l - a potion of attraction {unknown}
 n - 4 potions of cancellation
 o - 2 potions of magic
 t - 2 potions of invisibility
 u - 5 potions of curing
 w - a potion of degeneration
 A - a potion of berserk rage {unknown}
 B - a potion of haste {unknown}
 E - a potion of might {unknown}
 G - 2 potions of brilliance {unknown}
 I - a potion of lignification {unknown}


   Skills:
 + Level 4.0 Fighting
 - Level 10.0 Ranged Weapons
 + Level 8.8 Dodging
 - Level 2.3 Stealth
 + Level 6.3 Invocations


You had 8 spell levels left.
You didn't know any spells.
Your spell library contained the following spells:

 Spells                   Type           Power      Damage    Failure   Level
 Jinxbite                 Hex            0%         N/A       52%         2
 Frozen Ramparts          Ice            0%         1d1       77%         3
 Tukima's Dance           Hex            0%         N/A       77%         3
 Dimensional Bullseye     Hex/Tloc       0%         N/A       99%         4
 Iskenderun's Mystic Bla  Conj/Tloc      0%         2d3       99%         4
 Leda's Liquefaction      Alch/Erth      0%         N/A       99%         4
 Petrify                  Alch/Erth      0%         N/A       99%         4
 Metabolic Englaciation   Hex/Ice        0%         N/A       100%        5
 Yara's Violent Unravell  Hex/Alch       0%         3d3       100%        5
 Enfeeble                 Hex            0%         N/A       100%        7


Dungeon Overview and Level Annotations

Branches:
Dungeon (7/15)             Temple (0/1) D:6

Altars:
Dithmenos
Elyvilon
Nemelex Xobeh
Qazlal
Sif Muna
Xom
The Shining One


Innate Abilities, Weirdness & Mutations

You are very small and have problems with some larger weapons.
You are too small for most types of armour.
You have supernaturally acute eyesight. (SInv)
You cover ground extremely quickly. (Speed+++)


Message History

The arrow closely misses the steam dragon.
The arrow barely misses the howler monkey.
Fire: a) +0 shortbow
Press: ? - help, Q - select action, (/) - cycle Shift-Dir - straight line, f/p - steam dragon
Aim: a steam dragon (severely wounded, 72% to hit)
You shoot an arrow. The arrow hits the steam dragon.
The steam dragon is severely wounded.
Unknown command.
Fire: a) +0 shortbow
Press: ? - help, Q - select action, (/) - cycle Shift-Dir - straight line, f/p - steam dragon
Aim: a steam dragon (severely wounded, 72% to hit)
You shoot an arrow.
The arrow hits the steam dragon but does no damage.
The steam dragon is severely wounded.
Fire: a) +0 shortbow
Press: ? - help, Q - select action, (/) - cycle Shift-Dir - straight line, f/p - steam dragon
Aim: a steam dragon (severely wounded, 72% to hit)
You shoot an arrow. The arrow hits the steam dragon.
The steam dragon is severely wounded.
The steam dragon breathes steam at you. The ball of steam hits you!!
* * * LOW HITPOINT WARNING * * *
Fire: a) +0 shortbow
Press: ? - help, Q - select action, (/) - cycle Shift-Dir - straight line, f/p - steam dragon
Aim: a steam dragon (severely wounded, 72% to hit)
You shoot an arrow.
The arrow barely misses the steam dragon.
The arrow hits the black bear.
The black bear is moderately wounded.
You are engulfed in a cloud of scalding steam.
* * * LOW HITPOINT WARNING * * *
The steam dragon attacks as it pursues you!
The steam dragon completely misses you. The steam dragon closely misses you.
You see here a +0 spear.
Okay, then.
You feel a bit more experienced. The steam dragon breathes steam at you.
The ball of steam hits you!
You die...
Your body disappears without a glow.

♣ ##........# ##...###..##.##.
♣##.........## ##....##.......#)
.............####.....#..#..>...#
##......#.....##†§h.....###......
###..#####....§§.§......###..####
###.## ##...§D§§..#...##..#####
##..# ##.§§§§.......##..#...##
##.## #......§)....#..........
....# ##..§...@.......#..#.....
.#..## #..........#...####...###
###..####.....#....##.....#...# #
#..##....####....##.....#...#
##.....### ##...#...####...##
#....## ##......####.....##
#####...# ##.......# #.......#
.......## ###..#.....###.......#
.......## ##...##...).##.~.....~.


You could see a steam dragon (catching breath) and a black bear.

Vanquished Creatures
  Pikel (D:5)
  A wraith (D:6)
  Sigmund (D:2)
  Menkaure (D:6)
  A water moccasin (D:6)
  An orc warrior (D:6)
  2 black bears
  4 ice beasts (D:6)
  6 ogres (D:5)
  2 lemures (D:5)
  3 scorpions
  A bombardier beetle (D:5)
  3 howler monkeys
  3 hounds
  3 jellies
  An iguana (D:4)
  Ijyb (D:3)
  Terence (D:2)
  10 gnolls
  4 river rats (D:5)
  10 adders
  A ribbon worm (D:5)
  2 dart slugs
  8 orcs
  3 bats
  11 endoplasms
  4 giant cockroaches
  8 goblins
  6 hobgoblins
  9 jackals
  5 quokkas
  6 ball pythons
  2 frilled lizards
  11 kobolds
  2 rats (D:1)
138 creatures vanquished.

Vanquished Creatures (collateral kills)
  Grinder (D:6)
  An orc (D:6)
2 creatures vanquished.

Vanquished Creatures (others)
  A howler monkey (D:6)
1 creature vanquished.

Grand Total: 141 creatures vanquished

Notes
Turn   | Place    | Note
-------+----------+-------------------------------------------
     0 | D:1      | Getoffmy the Spriggan Hunter began the quest for the Orb.
     0 | D:1      | Reached XP level 1. HP: 10/10 MP: 2/2
   108 | D:1      | Reached XP level 2. HP: 14/14 MP: 3/3
   658 | D:2      | Reached XP level 3. HP: 18/18 MP: 4/4
   704 | D:2      | Reached skill level 5 in Ranged Weapons
  1018 | D:2      | Reached XP level 4. HP: 6/22 MP: 5/5
  1223 | D:2      | Noticed Sigmund
  1260 | D:2      | Killed Sigmund
  1261 | D:2      | Reached skill level 6 in Ranged Weapons
  1261 | D:2      | Reached XP level 5. HP: 20/25 MP: 6/6
  1303 | D:2      | Reached skill level 7 in Ranged Weapons
  1367 | D:2      | Noticed Terence
  1374 | D:2      | Killed Terence
  1774 | D:3      | Found a shadowy altar of Dithmenos.
  1778 | D:3      | Found a shimmering altar of Xom.
  1778 | D:3      | Found a sparkling altar of Nemelex Xobeh.
  2072 | D:3      | Noticed Ijyb
  2082 | D:3      | Reached XP level 6. HP: 30/30 MP: 7/7
  2099 | D:3      | Killed Ijyb
  2576 | D:3      | Became a worshipper of Nemelex Xobeh the Trickster
  3029 | D:4      | Reached skill level 1 in Invocations
  3493 | D:5      | Entered Level 5 of the Dungeon
  3547 | D:5      | Reached skill level 8 in Ranged Weapons
  3547 | D:5      | Reached XP level 7. HP: 33/33 MP: 9/9
  3619 | D:5      | Reached * piety under Nemelex Xobeh
  3648 | D:5      | Found a shimmering blue altar of Sif Muna.
  3728 | D:5      | Reached skill level 5 in Dodging
  3728 | D:5      | Reached XP level 8. HP: 29/37 MP: 8/11
  3790 | D:5      | Noticed Pikel
  3926 | D:5      | Reached skill level 9 in Ranged Weapons
  4061 | D:5      | Found a glowing golden altar of the Shining One.
  4093 | D:5      | Killed Pikel
  4461 | D:5      | Found a stormy altar of Qazlal.
  4590 | D:5      | Reached skill level 10 in Ranged Weapons
  4682 | D:5      | Found a shimmering blue altar of Sif Muna.
  4832 | D:6      | Received a gift from Nemelex Xobeh
  4868 | D:6      | HP: 1/39 [wraith (11)]
  5140 | D:6      | Reached XP level 9. HP: 42/42 MP: 13/13
  5184 | D:6      | Reached skill level 5 in Invocations
  5364 | D:6      | Found a white marble altar of Elyvilon.
  5517 | D:6      | Found a staircase to the Ecumenical Temple.
  5660 | D:6      | Reached ** piety under Nemelex Xobeh
  5729 | D:6      | Noticed Grinder
  5749 | D:6      | Killed Grinder
  6042 | D:6      | Noticed Menkaure
  6044 | D:6      | Killed Menkaure
  6500 | D:6      | Received a gift from Nemelex Xobeh
  6853 | D:6      | HP: 1/45 [steam dragon] (3)]
  6856 | D:6      | Killed from afar by a steam dragon

Illustrated notes

Levels and vault maps discovered:
D:1:      minmay_arrival_checkered_box, layout_rooms, st_stairs_13,
          minmay_misc_feat_plants
D:2:      layout_loops_ring, uniq_terence, uniq_sigmund
D:3:      layout_basic, minitemple, nrook_mini_vaults, uniq_ijyb
D:4:      layout_basic
D:5:      wad_woods_stonehenge, layout_loops_ring, kennysheep_mini_moat,
          nicolae_qazlal_scattered_showers, minmay_ruined_shrine, uniq_pikel
D:6:      layout_layer_cave, elyvilon_altar_3, minmay_temple_entry_wispy,
          nicolae_underground_beach, uniq_grinder, uniq_menkaure
D:7:      gammafunk_wand_slinger, layout_basic, old_standard_altar,
          trog_hazing_becter

Skill      XL: |  1  2  3  4  5  6  7  8  9 |
---------------+----------------------------+-----
Stealth        | 2 |  2.3
Ranged Weapons | 5 6 7 8 10 | 10.0
Dodging        | 3 5 7 8 |  8.8
Invocations    | 1 3 4 6 |  6.3
Fighting       | 2 4 |  4.0

Action                     |  1- 3 |  4- 6 |  7- 9 || total
---------------------------+-------+-------+-------++-------
   Fire: Shortbow          |   115 |   142 |   377 ||   634
 Invoke: Draw Destruction  |       |       |     2 ||     2
         Draw Summoning    |       |       |     1 ||     1
    Use: Scroll            |       |       |     9 ||     9
         Potion            |       |       |     1 ||     1
 Armour: Robe              |    15 |     3 |    68 ||    86
  Dodge: Dodged            |    23 |    21 |   227 ||   271
